 Dungeon Crawl Stone Soup version 0.22-a0-482-g76e0a5f (webtiles) character file.

890 Mamutox the Sneak (level 7, 0/32 HPs)
             Began as a Spriggan Enchanter on June 17, 2018.
             Killed from afar by an orc wizard (6 damage)
             ... with a magic dart
             ... on level 5 of the Dungeon.
             The game lasted 00:22:16 (6181 turns).

Mamutox the Sneak (Spriggan Enchanter)              Turns: 6181, Time: 00:22:16

Health: 0/32       AC:  2    Str:  4    XL:     7   Next: 77%
Magic:  3/16       EV: 18    Int: 19    God:
Gold:   225        SH:  0    Dex: 16    Spells: 5/17 levels left

rFire    . . .     SeeInvis +   c - +0 dagger (flame)
rCold    . . .     Gourm    .   (shield restricted)
rNeg     + . .     Faith    .   u - +0 robe
rPois    .         Spirit   .   (helmet restricted)
rElec    .         Reflect  .   (no cloak)
rCorr    .         Harm     .   (gloves unavailable)
MR       +....                  (boots unavailable)
Stlth    ++++......             (no amulet)
HPRegen  0.10/turn              n - ring of positive energy
MPRegen  0.15/turn              (no ring)

@: very quick
A: very small, unfitting armour, see invisible, herbivore, speed 3, slow
metabolism 2
a: no special abilities


You were on level 5 of the Dungeon.
You were not hungry.

You visited 1 branch of the dungeon, and saw 5 of its levels.

You collected 225 gold pieces.

Inventory:

Hand Weapons
 a - a +1 dagger
 c - a +0 dagger of flaming (weapon)
Missiles
 f - 48 sling bullets (quivered)
 x - 24 arrows
 z - a throwing net
 A - 22 poisoned needles
Armour
 u - a +0 robe (worn)
Jewellery
 n - a ring of positive energy (left hand)
Scrolls
 g - 6 scrolls of remove curse
 h - 5 scrolls of identify {unknown}
 i - 2 scrolls of fog {unknown}
 j - 2 scrolls of amnesia {unknown}
 o - a scroll of teleportation {unknown}
 q - 3 scrolls of immolation {unknown}
 w - a scroll of enchant armour {unknown}
 y - 2 scrolls of noise {unknown}
 C - a scroll of enchant weapon {unknown}
Potions
 b - 3 potions of berserk rage {unknown}
 e - a potion of flight {unknown}
 k - 3 potions of might {unknown}
 l - a potion of degeneration {unknown}
 m - a potion of agility {unknown}
 p - a potion of resistance {unknown}
 r - a potion of cancellation {unknown}
 s - a potion of curing {unknown}
 t - 2 potions of heal wounds {unknown}
 v - a potion of lignification {unknown}
 B - a potion of mutation {unknown}
Comestibles
 d - 7 rations


   Skills:
 + Level 4.4 Short Blades
 - Level 3.2 Dodging
 + Level 7.6 Stealth
 + Level 5.5 Spellcasting
 - Level 2.1 Conjurations
 + Level 6.0 Hexes
 - Level 1.0 Ice Magic


You had 5 spell levels left.
You knew the following spells:

 Your Spells              Type           Power        Failure   Level  Hunger
a - Corona                Hex            ####...      1%          1    None
b - Tukima's Dance        Hex            ####....     3%          3    ##.....
c - Confuse               Hex            ####....     3%          3    ##.....
v - Dazzling Spray        Conj/Hex       ###...       7%          3    ##.....
x - Ensorcelled Hibernat  Hex/Ice        ###...       4%          2    None

Your spell library contained the following spells:

 Spells                   Type           Power        Failure   Level  Hunger


Dungeon Overview and Level Annotations

Branches:
Dungeon (5/15)
 Temple: D:4-7

Altars:
Dithmenos
Sif Muna


Innate Abilities, Weirdness & Mutations

You are very small and have problems with some larger weapons.
You are too small for most types of armour.
You have supernaturally acute eyesight. (SInv)
You are a herbivore.
You cover ground extremely quickly.
You need to consume almost no food.


Message History

The orc wizard casts a spell at you. The magic dart hits you!
You hit the orc wizard but do no damage.
The orc wizard is heavily wounded.
The orc priest casts a cantrip, but nothing happens.
You closely miss the orc wizard. The orc wizard misses you.
You hit the orc wizard but do no damage.
The orc wizard completely misses you.
The orc priest calls down the wrath of Beogh upon you.
Beogh smites you!
The orc priest casts a cantrip, but nothing happens.
The orc wizard miscasts a cantrip.
The orc wizard casts a spell at you. The puff of frost hits you!
* * * LOW HITPOINT WARNING * * *
There is an open door here.
You close the door.
The orc wizard points at you and mumbles some strange words.
The magic dart hits you!
You die...

..# #.# ##### ########## #.#
..... .........# #.# .....
########.## #.#
.....###########..###.###########
...).o.o..o..oo...............>..
.....#######o##.....#.######.####
##### #...+.@...+............
#########..##.....#.######.####
...........######.#.# #.#
...........# #...# #.#
...........# ##..# #.#
...........# #..# #.#
....................# #.#
..........########..# #.#
#########.# ...


You could see 2 orc wizards.

Vanquished Creatures
  Purgy (D:4)
  A phantom (D:5)
  An ogre (D:3)
  A scorpion (D:4)
  A howler monkey (D:5)
  A crimson imp (D:5)
  2 hounds
  A jelly (D:5)
  A centaur skeleton (D:4)
  2 orc priests
  2 orc wizards (D:4)
  A worker ant (D:5)
  A hound zombie (D:4)
  2 worker ant zombies
  10 adders
  A shadow imp (D:5)
  An ooze (D:3)
  2 worms
  A dart slug (D:2)
  4 leopard geckos
  10 orcs
  5 giant cockroaches
  15 goblins
  6 hobgoblins
  13 jackals
  A quokka (D:4)
  A ball python (D:3)
  8 bats
  6 frilled lizards
  A jackal skeleton (D:5)
  A kobold (D:1)
  A quokka zombie (D:5)
  8 rats
113 creatures vanquished.

Notes
Turn   | Place    | Note
-------+----------+-------------------------------------------
     0 | D:1      | Mamutox the Spriggan Enchanter began the quest for the Orb.
     0 | D:1      | Reached XP level 1. HP: 9/9 MP: 5/5
   270 | D:1      | Reached XP level 2. HP: 13/13 MP: 6/6
   274 | D:1      | Learned a level 2 spell: Ensorcelled Hibernation
   429 | D:1      | Reached skill level 1 in Ice Magic
  1095 | D:1      | Reached XP level 3. HP: 15/16 MP: 8/8
  1586 | D:2      | Reached skill level 5 in Stealth
  1914 | D:2      | Reached XP level 4. HP: 15/21 MP: 3/9
  2038 | D:2      | Found a shadowy altar of Dithmenos.
  2572 | D:3      | Noticed an ogre
  2825 | D:4      | Reached XP level 5. HP: 24/24 MP: 11/11
  2834 | D:4      | Reached skill level 6 in Stealth
  3761 | D:3      | Killed an ogre
  3761 | D:3      | Reached skill level 5 in Hexes
  3761 | D:3      | Reached XP level 6. HP: 28/28 MP: 10/13
  4257 | D:4      | Learned a level 3 spell: Confuse
  4319 | D:4      | Learned a level 3 spell: Tukima's Dance
  4323 | D:4      | Learned a level 3 spell: Dazzling Spray
  4496 | D:4      | Noticed Purgy
  4503 | D:4      | Killed Purgy
  4503 | D:4      | Reached skill level 1 in Conjurations
  4627 | D:5      | Entered Level 5 of the Dungeon
  4917 | D:4      | Reached XP level 7. HP: 32/32 MP: 12/15
  4958 | D:4      | Reached skill level 7 in Stealth
  5190 | D:4      | Reached skill level 5 in Spellcasting
  5329 | D:4      | Found a deep blue altar of Sif Muna.
  6181 | D:5      | Killed from afar by an orc wizard

Vault maps used:
D:1:      giann_horns
D:2:      nicolae_dithmenos_through_a_glass_darkly
D:3:      first_ration, minmay_ogre_servants
D:4:      led_sif_pool, hangedman_decor_clover_reticule, uniq_purgy

Skill      XL: |  1  2  3  4  5  6  7 |
---------------+----------------------+-----
Ice Magic      | 1 |  1.0
Hexes          | 4 5 6 |  6.0
Spellcasting   | 3 4 5 |  5.5
Stealth        | 5 6 7 |  7.6
Short Blades   | 2 3 4 |  4.4
Conjurations   | 1 2 |  2.1
Dodging        | |  3.2

Action                   |  1- 3 |  4- 6 |  7- 9 || total
-------------------------+-------+-------+-------++-------
Melee: Dagger            |   134 |    86 |    47 ||   267
 Cast: Corona            |     2 |       |       ||     2
       Ensorcelled Hiber |    27 |    57 |    13 ||    97
       Confuse           |       |     3 |     8 ||    11
       Dazzling Spray    |       |       |     2 ||     2
  Use: Scroll            |       |       |     1 ||     1
 Stab: Sleeping          |    23 |    41 |    11 ||    75
       Confused          |       |     1 |     6 ||     7
  Eat: Ration            |       |     3 |     1 ||     4
Armor: Robe              |    13 |     9 |     1 ||    23
Dodge: Dodged            |   117 |    85 |    15 ||   217

Table legend:
 A = Spawn XP
 B = Non-spawn XP
 C = Spawn XP percentage of total XP
 D = Spawn monster count
 E = Non-spawn monster count
 F = Spawn count percentage of total count
 G = Total turns spent on level
                    A         B        C        D         E        F      G
               +---------+---------+-------+---------+---------+-------+---------
         Total |       0 |    1272 |   0.0 |       0 |     113 |   0.0 |  6181
               +---------+---------+-------+---------+---------+-------+---------
           D:1 |       0 |      47 |   0.0 |       0 |      27 |   0.0 |  1472
           D:2 |       0 |      99 |   0.0 |       0 |      22 |   0.0 |   990
           D:3 |       0 |     226 |   0.0 |       0 |      23 |   0.0 |  1305
           D:4 |       0 |     477 |   0.0 |       0 |      24 |   0.0 |  1457
           D:5 |       0 |     423 |   0.0 |       0 |      17 |   0.0 |   957
               +---------+---------+-------+---------+---------+-------+---------
